 Dungeon Crawl Stone Soup version 0.30-a0-1082-g70414cbcbb (webtiles) character file.

Game seed: 8066290493938027847

80832 CryoSword the Lord of Darkness (level 15, -2/112 HPs)
             Began as a Mummy Necromancer on Apr 14, 2023.
             Was the Champion of Kikubaaqudgha.
             Splashed by a brown ugly thing's acid (9 damage)
             ... on level 14 of the Dungeon.
             The game lasted 00:47:41 (22245 turns).

CryoSword the Lord of Darkness (Mummy Necromancer) Turns: 22245, Time: 00:47:41

Health: -2/112     AC:  0    Str: 21    XL:     15   Next: 25%
Magic:  10/25      EV: 12    Int: 19    God:    Kikubaaqudgha [******]
Gold:   1885       SH:  9    Dex: 15    Spells: 2/28 levels left

rFire   . . .      SeeInvis .    w - +6 eveningstar (pain)
rCold   + + .      Faith    +    z - +3 buckler
rNeg    + + +      Spirit   .    r - +2 troll leather armour
rPois   ∞          Reflect  .    J - +2 helmet {Int+3}
rElec   +          Rampage  .    g - scarf {rC+ rF+}
rCorr   .          Harm     + .  t - +2 pair of gloves
Will    +....                    c - +2 pair of boots of the Bulwark {Harm rElec}
Stlth   +++                      q - amulet of regeneration
HPRegen 1.98/turn                j - +4 ring of protection {=R}
MPRegen 0.19/turn                G - +6 ring of strength

@: death channelling, corroded
A: cold resistance 1, negative energy resistance 3, torment resistance 2, heat
vulnerability 1, in touch with death 2, no potions, faith
a: Renounce Religion, Unearth Wretches, Torment


You were on level 14 of the Dungeon.
You worshipped Kikubaaqudgha.
Kikubaaqudgha was exalted by your worship.
You visited 2 branches of the dungeon, and saw 20 of its levels.
You also visited: Ice Cave.

You collected 2035 gold pieces.
You spent 150 gold pieces at shops.

Inventory:

Hand Weapons
 a - the +10 mace "Jiuweirri" {heavy, Will+ Str+4 Int-5 SInv}
   (You found it on level 5 of the Lair of Beasts)

   Str:       It affects your strength (+4).
   Int:       It affects your intelligence (-5).
   SInv:      It lets you see invisible.
   Will:      It increases your willpower.
 w - a +6 eveningstar of pain (weapon)
   (You found it on level 6 of the Dungeon)
Missiles
 d - 102 poisoned darts
 B - 12 curare-tipped darts
Armour
 c - the +2 pair of boots of the Bulwark (worn) {Harm rElec}
   (You found it on level 4 of the Dungeon)

   rElec:     It insulates you from electricity.
   Harm:      It increases damage dealt and taken.
 g - a scarf of resistance (worn)
   (You found it on level 8 of the Dungeon)
 m - a +2 robe of resistance
   (You took it off Jessica on level 3 of the Dungeon)
 r - a +2 troll leather armour (worn)
   (You found it on level 6 of the Dungeon)
 t - a +2 pair of gloves (worn)
   (You found it on level 6 of the Dungeon)
 v - a +1 pair of boots
   (You found it on level 6 of the Dungeon)
 z - a +3 buckler (worn)
   (You took it off a gnoll sergeant on level 8 of the Dungeon)
 J - a +2 helmet of intelligence (worn)
   (You found it on level 14 of the Dungeon)
Jewellery
 b - the ring of Jogeatup {rElec MP+9 Str-4 Dex+5}
   (You found it on level 2 of the Dungeon)

   [ring of magical power]

   Str:       It affects your strength (-4).
   Dex:       It affects your dexterity (+5).
   rElec:     It insulates you from electricity.
   MP:        It affects your magic capacity (+9).
 j - a +4 ring of protection (left hand) {=R}
   (You found it on level 3 of the Dungeon)
 p - a ring of resist corrosion
   (You found it on level 6 of the Dungeon)
 q - an amulet of regeneration (around neck)
   (You found it on level 6 of the Dungeon)
 A - a ring of see invisible
   (You found it on level 9 of the Dungeon)
 G - a +6 ring of strength (right hand)
   (You found it on level 3 of the Lair of Beasts)
 L - a ring of ice
   (You took it off a centaur warrior on level 14 of the Dungeon)
Wands
 k - a wand of paralysis (21)
   (You took it off Maurice on level 8 of the Dungeon)
 s - a wand of quicksilver (22) (quivered)
   (You found it on level 6 of the Dungeon)
 F - a wand of iceblast (11)
   (You found it in an ice cave)
 H - a wand of flame (8)
   (You found it on level 4 of the Lair of Beasts)
Scrolls
 e - 5 scrolls of fear
 f - 2 scrolls of fog
 h - 9 scrolls of teleportation {@r4}
 i - 12 scrolls of identify {@r1}
 l - 6 scrolls of blinking
 n - 6 scrolls of poison
 o - 5 scrolls of immolation {!r}
 u - 4 scrolls of magic mapping
 y - 3 scrolls of silence
 C - 2 scrolls of vulnerability {!r}
 D - 4 scrolls of amnesia
 I - 3 scrolls of torment
Miscellaneous
 E - a phantom mirror
   (You found it on level 11 of the Dungeon)


   Skills:
 + Level 8.4 Fighting
 - Level 6.1(9.1) Axes
 * Level 10.6(11.3) Maces & Flails
 - Level 2.6 Armour
 - Level 3.1 Dodging
 - Level 5.0 Stealth
 * Level 9.2 Shields
 - Level 7.0 Spellcasting
 + Level 6.1 Hexes
 * Level 15.1 Necromancy
 + Level 3.5 Earth Magic
 - Level 3.6 Evocations


You had 2 spell levels left.
You knew the following spells:

 Your Spells              Type           Power      Damage    Failure   Level
a - Dispel Undead         Necr           97%        3d30      1%          4
b - Vampiric Draining     Necr           97%        2d12      1%          3
c - Anguish               Hex/Necr       41%        N/A       1%          4
d - Borgnjor's Vile Clut  Necr/Erth      38%        N/A       9%          5
y - Death Channel         Necr           48%        N/A       4%          6
z - Animate Dead          Necr           97%        N/A       1%          4

Your spell library contained the following spells:

 Spells                   Type           Power      Damage    Failure   Level
 Kiss of Death            Conj/Necr      100%       2d13      1%          1
 Necrotise                Necr           100%       1d9       1%          1
 Cigotuvi's Dreadful Rot  Necr/Pois/Air  100%       N/A       2%          2
 Ensorcelled Hibernation  Hex/Ice        36%        N/A       6%          2
 Passwall                 Tmut/Erth      10%        N/A       11%         2
 Apportation              Tloc           12%        N/A       14%         1
 Summon Small Mammal      Summ           24%        N/A       14%         1
 Poisonous Vapours        Pois/Air       12%        N/A       22%         2
 Agony                    Necr           97%        N/A       1%          5
 Dazzling Flash           Conj/Hex       36%        N/A       12%         3
 Summon Guardian Golem    Hex/Summ       18%        N/A       12%         3
 Call Canine Familiar     Summ           6%         N/A       38%         3
 Mephitic Cloud           Conj/Pois/Air  6%         N/A       38%         3
 Volatile Blastmotes      Fire/Tloc      12%        2d11      38%         3
 Petrify                  Tmut/Erth      13%        N/A       56%         4
 Silence                  Hex/Air        9%         N/A       75%         5
 Iskenderun's Mystic Bla  Conj/Tloc      6%         2d4       80%         4
 Passage of Golubria      Tloc           6%         N/A       80%         4
 Freezing Cloud           Conj/Ice/Air   3%         6-21      98%         5
 Starburst                Conj/Fire      3%         6d3       100%        6
 Lehudib's Crystal Spear  Conj/Erth      6%         10d3      100%        8
 Shatter                  Erth           10%        3d11*     100%        9
 Spider Form              Tmut/Pois      Unusable   N/A       N/A         3

Dungeon Overview and Level Annotations

Branches:
Dungeon (15/15)            Temple (0/1) D:6            Lair (5/5) D:10
 Shoals (0/4) Lair:2        Snake (0/4) Lair:2        Slime (0/5) Lair:5
    Orc (0/2) D:10         Vaults (0/5) D:14          IceCv (visited)
 Depths: D:15

Altars:
Ashenzari
Dithmenos
Gozag
Kikubaaqudgha
Nemelex Xobeh
Qazlal
Sif Muna
Trog
Uskayaw
Xom
Jiyva

Shops:
D:14 (*(*

Portals:
Abyss: D:12
Trove: D:11 (give 5 scrolls of fog)

Annotations:
D:12 2 transporters, Elijaptocku's ghost, journeyman KoEn
D:14 2 runed translucent doors
Lair:2 3 runed translucent doors, Ic0nGaming's ghost, journeyman KoFi; Jano's ghost, journeyman DjEE; MacCMillion's ghost, journeyman DgHu; confidenceinterval's ghost, journeyman DsWr


Innate Abilities, Weirdness & Mutations

You are immune to poison.
Your flesh is cold resistant. (rC+)
You are immune to negative energy. (rN+++)
You are immune to unholy pain and torment.
You are vulnerable to heat. (rF-)
You are strongly in touch with the powers of death.
You do not drink.
You have a special connection with the divine. (Faith)


Message History

The brown ugly thing headbutts you but does no damage.
You block the brown ugly thing's attack.
The brown ugly thing basks in the mutagenic energy from its kin and changes!
You thump the brown ugly thing!
The brown ugly thing writhes in agony!
You kill the brown ugly thing!
Kikubaaqudgha accepts your kill.
The dead are walking!
A glowing mist starts to gather...
The basilisk bites you! The brown ugly thing barely misses you.
You puncture the brown ugly thing!
The brown ugly thing writhes in agony!
You block the basilisk's attack.
You block the brown ugly thing's attack.
The brown ugly thing claws you but does no damage.
You block the cyan ugly thing's attack.
Your spectral ugly thing hits the brown ugly thing.
Your spectral ugly thing drains the brown ugly thing.
You closely miss the brown ugly thing. The basilisk gazes at you.
You resist with almost no effort.
You block the brown ugly thing's attack. x2
The cyan ugly thing gores you but does no damage.
Your spectral ugly thing hits the brown ugly thing but does no damage.
You puncture the brown ugly thing!
The brown ugly thing writhes in agony.
The basilisk gazes at you. You resist with almost no effort.
You block the brown ugly thing's attack.
The brown ugly thing closely misses you.
Your ugly thing zombie hits the brown ugly thing but does no damage.
The cyan ugly thing misses you.
Your spectral ugly thing barely misses the brown ugly thing.
You completely miss the brown ugly thing.
You block the basilisk's attack. The brown ugly thing headbutts you!
You are splashed with acid!
The brown ugly thing closely misses you.
You block the cyan ugly thing's attack.
An arrow appears from out of your range of vision.
The arrow hits your spectral ugly thing!!
You puncture the brown ugly thing!
Your spectral ugly thing hits the brown ugly thing!
The brown ugly thing dies!
Kikubaaqudgha accepts your kill.
The dead are walking!
A glowing mist starts to gather...
You block the basilisk's attack. The brown ugly thing claws you!
The acid corrodes you!
You are splashed with acid!
* * * LOW HITPOINT WARNING * * *
An arrow appears from out of your range of vision.
The arrow hits your spectral ugly thing!!
The cyan ugly thing gores you!
* * * LOW HITPOINT WARNING * * *
The cyan ugly thing shocks you. You resist.
* * * LOW HITPOINT WARNING * * *
Your ugly thing zombie hits the basilisk.
Your spectral ugly thing hits the basilisk!
Your spectral ugly thing drains the basilisk.
You block the brown ugly thing's attack.
The red ugly thing kicks your ugly thing zombie!
Your ugly thing zombie is engulfed in flames!!
Your spectral ugly thing hits the cyan ugly thing but does no damage.
The basilisk attacks as you move away! The basilisk bites you!
* * * LOW HITPOINT WARNING * * *
The brown ugly thing attacks as you move away!
The brown ugly thing closely misses you.
An arrow appears from out of your range of vision.
The arrow closely misses your spectral ugly thing.
Your spectral ugly thing hits the red ugly thing but does no damage.
Your ugly thing zombie hits the red ugly thing but does no damage.
Your ugly thing zombie hits the purple ugly thing.
The purple ugly thing basks in the mutagenic energy from its kin and changes!
An arrow appears from out of your range of vision.
The arrow hits your spectral ugly thing!
The red ugly thing kicks your ugly thing zombie!
Your ugly thing zombie is engulfed in flames!!
Your spectral ugly thing closely misses the red ugly thing.
An arrow appears from out of your range of vision.
The arrow hits your spectral ugly thing!
Your spectral ugly thing is destroyed!
Your ugly thing zombie hits the red ugly thing.
The cyan ugly thing basks in the mutagenic energy from its kin and changes!
The red ugly thing completely misses your ugly thing zombie.
Your spectral ugly thing hits the red ugly thing.
You barely miss the basilisk.
Your reaping aura is weakening.
An arrow appears from out of your range of vision.
The arrow hits your spectral ugly thing!!
The basilisk gazes at you. You resist with almost no effort.
The brown ugly thing claws you but does no damage.
An arrow appears from out of your range of vision.
The arrow hits your spectral ugly thing!!
The red ugly thing kicks your ugly thing zombie!
Your ugly thing zombie is engulfed in flames!!
Your ugly thing zombie is destroyed!
Your spectral ugly thing hits the red ugly thing.
You puncture the basilisk!
The basilisk writhes in agony.
The basilisk bites you!
* * * LOW HITPOINT WARNING * * *
The brown ugly thing claws you.
* * * LOW HITPOINT WARNING * * *
The acid corrodes you!
You are splashed with acid!
* * * LOW HITPOINT WARNING * * *
The basilisk attacks as you move away! The basilisk barely misses you.
An arrow appears from out of your range of vision.
The arrow hits your spectral ugly thing!
The red ugly thing kicks your ugly thing zombie!
Your ugly thing zombie is engulfed in flames!
Your spectral ugly thing barely misses the red ugly thing.
The red ugly thing engulfs your ugly thing zombie!
Your ugly thing zombie is engulfed in flames!!
The basilisk gazes at you. You resist with almost no effort.
The red ugly thing basks in the mutagenic energy from its kin and changes!
An arrow appears from out of your range of vision.
The arrow hits your spectral ugly thing!!
Your spectral ugly thing is destroyed!
There is a stone staircase leading up here.
The red ugly thing kicks your ugly thing zombie.
Your ugly thing zombie is engulfed in flames!!
Your ugly thing zombie barely misses the red ugly thing.
You block the brown ugly thing's attack.
You climb upwards.
Level annotation: 2 runed translucent doors
There is a stone staircase leading down here.
You hit the brown ugly thing but do no damage.
The brown ugly thing writhes in agony.
Your reaping aura expires.
You block the brown ugly thing's attack.
You hit the brown ugly thing.
The brown ugly thing writhes in agony.
The brown ugly thing claws you.
* * * LOW HITPOINT WARNING * * *
The acid corrodes you!
You are splashed with acid!
* * * LOW HITPOINT WARNING * * *
Aim: a brown ugly thing (lightly wounded)
You feel a strong surge of power!
You draw life force from the brown ugly thing!
You feel life coursing into your body! The brown ugly thing claws you!
* * * LOW HITPOINT WARNING * * *
You are splashed with acid!
* * * LOW HITPOINT WARNING * * *
Aim: a brown ugly thing (heavily wounded)
You feel a strong surge of power!
You draw life force from the brown ugly thing!
You feel life coursing into your body!
The brown ugly thing claws you but does no damage.
Aim: a brown ugly thing (severely wounded)
You feel a strong surge of power!
You draw life force from the brown ugly thing.
You feel life coursing into your body. The brown ugly thing claws you!
* * * LOW HITPOINT WARNING * * *
The acid corrodes you!
You are splashed with acid!
You die...
Kikubaaqudgha rasps: "You have failed me!
Welcome... oblivion!"

#...................#
#................Z..#
#.......[...#######.#
###...........# #.##
#.............# #...
#.#####.[.....# #...
#ZZZ..#.......# #...
#.#...#u......# #...
#.#...#@......## #...
#.+...#........# #...
#.#...#........# #...
#.#...#........######...
#####.#...#.............^...
#.....#...#.................
#.....#...#.................
#.....#####................#
####.........######........#


You could see a brown ugly thing.

Vanquished Creatures
  A catoblepas (Lair:3)
  A hydra (Lair:4)
  2 ironbound frosthearts (IceCv)
  2 centaur warriors (D:14)
  A boulder beetle (D:12)
  4 death yaks
  3 two-headed ogres
  A skyshark (Lair:4)
  A skeletal warrior (D:14)
  2 wizards
  Pikel (D:6)
  A necromancer (D:14)
  A deep elf pyromancer (D:14)
  2 wolf spiders
  A manticore (D:8)
  4 cyclopes
  An oklob plant (Lair:2)
  8 ugly things
  A black mamba (Lair:5)
  10 elephants
  A guardian serpent (Lair:5)
  Maurice (D:8)
  An ice statue (IceCv)
  2 rime drakes (IceCv)
  Maggie (D:6)
  10 cane toads
  Psyche (D:8)
  4 kobold demonologists
  A guardian mummy (D:11)
  A tengu conjurer (D:14)
  3 komodo dragons
  4 trolls
  3 meliai (D:13)
  11 polar bears
  A meliai (shapeshifter) (D:14)
  A hornet (Lair:5)
  5 blink frogs
  8 slime creatures
  A jumping spider (shapeshifter) (D:14)
  2 wraiths (D:10)
  3 shadows
  13 wyverns
  57 yaks
  19 humans (D:14)
  3 basilisks
  4 vampire mosquitoes
  A steam dragon (Lair:2)
  A naga (Lair:2)
  3 acid dragons
  14 water moccasins
  A two-headed ogre zombie (D:10)
  4 orc warriors
  An ice beast (D:7)
  A sky beast (D:6)
  4 black bears
  An ogre (D:5)
  22 wolves
  12 centaurs
  4 boggarts (Lair:4)
  3 phantoms
  9 kobold brigands
  5 bullfrogs
  2 gnoll sergeants
  12 wights
  2 troll zombies (D:10)
  A killer bee (D:9)
  6 howler monkeys
  A hound (D:6)
  A jelly (D:7)
  A gnoll bouda (D:8)
  7 orc priests
  5 iguanas
  Jessica (D:3)
  A sleepcap (D:4)
  7 orc wizards
  3 hell rats (Lair:3)
  5 ogre zombies (D:10)
  11 adders
  19 gnolls
  2 shadow imps (D:6)
  A white imp (D:7)
  An ufetubus (D:3)
  A worm (D:4)
  A dart slug (D:5)
  22 orcs
  5 endoplasms
  4 giant cockroaches
  3 goblins
  4 hobgoblins
  6 quokkas
  8 ball pythons
  6 bats
  5 frilled lizards
  A goblin zombie (D:10)
  4 hobgoblin skeletons (D:10)
  A hobgoblin zombie (D:10)
  31 kobolds
  2 orc skeletons (D:10)
  13 orc zombies (D:10)
  4 rats
505 creatures vanquished.

Vanquished Creatures (collateral kills)
  3 hydras
  A vault guard (D:14)
  A two-headed ogre (D:10)
  A centaur warrior (D:14)
  A death yak (Lair:5)
  A fire crab (Lair:5)
  A wizard (D:14)
  3 oklob plants (Lair:2)
  2 ugly things
  2 manticores
  A cyclops (D:14)
  2 elephants (Lair:5)
  A torpor snail (Lair:5)
  3 cane toads
  4 black mambas (Lair:5)
  2 komodo dragons
  2 hornets (Lair:5)
  A wind drake (Lair:2)
  A polar bear (IceCv)
  2 blink frogs
  17 yaks
  2 wyverns (Lair:5)
  A basilisk (Lair:2)
  A wraith (D:10)
  2 humans (D:14)
  2 nagas (Lair:2)
  An acid dragon (D:8)
  7 water moccasins
  A floating eye (Lair:2)
  An ogre (D:5)
  3 wolves
  A centaur (D:11)
  2 kobold brigands (D:10)
  3 bullfrogs
  A wight (D:8)
  2 howler monkeys
  A hell rat (Lair:3)
  An adder (D:4)
  2 gnolls (D:4)
  A dart slug (D:4)
  An endoplasm (D:4)
  A ball python (D:1)
  A hobgoblin zombie (D:10)
  8 kobolds
  3 orc zombies (D:10)
101 creatures vanquished.

Vanquished Creatures (others)
  Sonja (Lair:5)
  An ugly thing zombie (D:15)
  A centaur zombie (D:14)
  5 elephants
  2 black mambas
  3 cane toads (Lair:5)
  A rime drake (Lair:3)
  2 blink frogs
  A meliai zombie (D:14)
  A black mamba zombie (Lair:5)
  2 yaks
  A wyvern (Lair:5)
  A vampire mosquito (D:12)
  2 redbacks
  2 cane toad zombies
  A hornet zombie (Lair:5)
  2 blink frog zombies (Lair:5)
  A human (D:5)
  4 elephant zombies (Lair:5)
  A fire crab zombie (Lair:5)
  2 wyvern zombies
  6 water moccasin zombies
  A human zombie (D:8)
  19 yak zombies
  A polar bear zombie (IceCv)
  8 wolf zombies
  A bullfrog zombie (Lair:2)
  2 hell rats (Lair:3)
  8 kobold zombies
  5 hell rat zombies (Lair:3)
  A dart slug (D:8)
  A dart slug zombie (D:8)
  2 gnoll zombies
  4 orc zombies
  A rat (D:14)
  A rat zombie (D:14)
  54 fungi
  85 plants
237 creatures vanquished.

Grand Total: 843 creatures vanquished

Notes
Turn   | Place    | Note
-------+----------+-------------------------------------------
     0 | D:1      | CryoSword the Mummy Necromancer began the quest for the
                  | Orb.
     0 | D:1      | Reached XP level 1. HP: 13/13 MP: 4/4
   188 | D:1      | Reached XP level 2. HP: 19/19 MP: 3/5
   579 | D:1      | Reached skill level 1 in Maces & Flails
  1088 | D:2      | Identified the ring of Jogeatup {rElec MP+9 Str-4 Dex+5}
  1426 | D:2      | Gained mutation: You are in touch with the powers of death.
                  | [Mummy growth]
  1426 | D:2      | Reached XP level 3. HP: 23/24 MP: 4/7
  1440 | D:2      | Learned a level 3 spell: Vampiric Draining
  1939 | D:3      | Found a shadowy altar of Dithmenos.
  2148 | D:3      | Reached XP level 4. HP: 30/30 MP: 5/8
  2212 | D:3      | Reached skill level 5 in Necromancy
  2337 | D:3      | Found a faded altar of an unknown god.
  2367 | D:3      | Identified the +9 hand axe "Veteshaq" {venom, *Corrode
                  | rElec Int+2 SInv}
  2559 | D:3      | Noticed Jessica
  3016 | D:4      | Reached XP level 5. HP: 31/35 MP: 9/9
  3050 | D:4      | Found a bloodstained altar of Trog.
  3050 | D:4      | Noticed a black bear
  3050 | D:4      | Noticed a black bear
  3304 | D:3      | Killed Jessica
  3378 | D:3      | Learned a level 4 spell: Animate Dead
  3435 | D:4      | Killed a black bear
  3436 | D:4      | Reached skill level 6 in Necromancy
  3436 | D:4      | Reached XP level 6. HP: 35/41 MP: 10/10
  3611 | D:4      | Reached skill level 1 in Axes
  3863 | D:4      | Identified the +2 pair of boots of the Bulwark {Harm rElec}
  3946 | D:5      | Entered Level 5 of the Dungeon
  3990 | D:5      | Found an ancient bone altar of Kikubaaqudgha.
  3998 | D:5      | Reached XP level 7. HP: 46/46 MP: 11/11
  3998 | D:5      | Noticed a human
  3999 | D:5      | Killed a human
  4002 | D:5      | Became a worshipper of Kikubaaqudgha
  4222 | D:5      | Reached skill level 7 in Necromancy
  5148 | D:6      | Noticed Pikel
  5155 | D:6      | Killed Pikel
  5156 | D:6      | Reached skill level 8 in Necromancy
  5156 | D:6      | Reached XP level 8. HP: 40/52 MP: 12/12
  5227 | D:6      | Noticed a troll
  5235 | D:6      | Killed a troll
  5302 | D:6      | Noticed Maggie
  5313 | D:6      | Killed Maggie
  5314 | D:6      | Reached skill level 5 in Axes
  5314 | D:6      | Reached skill level 9 in Necromancy
  5494 | D:6      | Reached * piety under Kikubaaqudgha
  5494 | D:6      | Received a gift from Kikubaaqudgha
  5495 | D:6      | Reached XP level 9. HP: 44/57 MP: 13/13
  5630 | D:6      | Found a staircase to the Ecumenical Temple.
  6669 | D:7      | Reached skill level 1 in Fighting
  6856 | D:7      | Reached skill level 1 in Armour
  7040 | D:7      | Reached skill level 10 in Necromancy
  7409 | D:8      | Noticed Psyche
  7432 | D:8      | Killed Psyche
  7567 | D:8      | Your ally Psyche died
  7570 | D:8      | Reached ** piety under Kikubaaqudgha
  7576 | D:8      | Reached XP level 10. HP: 59/67 MP: 1/15
  7747 | D:8      | Noticed Maurice
  7749 | D:8      | Found a hide-covered altar of Uskayaw.
  7752 | D:8      | Paralysed by Maurice for 3 turns
  7757 | D:8      | Killed Maurice
  7818 | D:8      | Found a sparkling altar of Nemelex Xobeh.
  7818 | D:8      | Found a shimmering altar of Xom.
  7984 | D:8      | Noticed a two-headed ogre
  7989 | D:8      | Killed a two-headed ogre
  7990 | D:8      | Reached skill level 5 in Maces & Flails
  8261 | D:8      | Noticed a lindwurm
  8594 | D:8      | Noticed a lindwurm
  8608 | D:8      | Noticed a lindwurm
  8677 | D:9      | Found a broken altar of Ashenzari.
  8679 | D:9      | Found an opulent altar of Gozag.
  8801 | D:9      | Reached *** piety under Kikubaaqudgha
  8801 | D:9      | Received a gift from Kikubaaqudgha
  8802 | D:9      | Reached skill level 11 in Necromancy
  8807 | D:9      | Noticed a soul eater
  8814 | D:9      | Reached skill level 1 in Shields
  8934 | D:9      | Found a stormy altar of Qazlal.
  9427 | D:10     | Entered Level 10 of the Dungeon
  9462 | D:10     | Got Roxanne's Papyrus of Amathomancy
  9491 | D:10     | Found a staircase to the Orcish Mines.
  9515 | D:10     | Reached **** piety under Kikubaaqudgha
  9845 | D:10     | Reached XP level 11. HP: 76/76 MP: 17/17
 10012 | D:10     | Found a staircase to the Lair.
 10112 | D:10     | Identified the +0 short sword "Tumyhoto" {freeze, Str+4
                  | Dex+4}
 10146 | D:10     | Reached ***** piety under Kikubaaqudgha
 10222 | D:10     | Noticed a two-headed ogre
 10233 | D:10     | Killed a two-headed ogre
 10386 | D:10     | Noticed a two-headed ogre
 10395 | D:10     | Killed a two-headed ogre
 10440 | D:10     | Found a shimmering blue altar of Sif Muna.
 10783 | D:11     | Identified the +5 dagger of Honaer {antimagic, rPois Int+4}
 11049 | D:11     | Learned a level 4 spell: Dispel Undead
 11054 | D:11     | Learned a level 4 spell: Anguish
 11154 | D:11     | Reached skill level 12 in Necromancy
 11674 | D:11     | Found a portal to a secret trove of treasure.
 11974 | Lair:1   | Entered Level 1 of the Lair of Beasts
 11989 | Lair:1   | Reached skill level 1 in Hexes
 11994 | Lair:1   | Reached skill level 5 in Fighting
 12212 | Lair:1   | Reached skill level 5 in Stealth
 12613 | Lair:1   | Reached XP level 12. HP: 86/86 MP: 3/18
 12873 | Lair:2   | Found a staircase to the Shoals.
 12880 | Lair:2   | Reached skill level 5 in Shields
 12891 | Lair:2   | Reached skill level 5 in Spellcasting
 12944 | Lair:2   | Paralysed by a floating eye for 3 turns
 12954 | Lair:2   | Paralysed by a floating eye for 2 turns
 12964 | Lair:2   | Found a staircase to the Snake Pit.
 13032 | Lair:2   | Found a frozen archway.
 13071 | IceCv    | Entered an ice cave
 13313 | IceCv    | Reached ****** piety under Kikubaaqudgha
 13726 | IceCv    | Identified a +5 eveningstar of pain (a +3 eveningstar
                  | bloodied by Kikubaaqudgha)
 13726 | IceCv    | Received a gift from Kikubaaqudgha
 13895 | IceCv    | Noticed an ironbound frostheart
 13899 | IceCv    | Noticed an ironbound frostheart
 13902 | IceCv    | Noticed a death yak
 13936 | IceCv    | Killed an ironbound frostheart
 13937 | IceCv    | Reached skill level 13 in Necromancy
 13954 | IceCv    | Killed an ironbound frostheart
 13971 | IceCv    | Noticed a death yak
 13981 | IceCv    | Killed a death yak
 13991 | IceCv    | Killed a death yak
 13998 | IceCv    | Identified the amulet of Bech {Faith rF- rN++ Regen+ Int+3}
 14201 | IceCv    | Gained mutation: You are strongly in touch with the powers
                  | of death. [Mummy growth]
 14201 | IceCv    | Reached XP level 13. HP: 60/93 MP: 22/22
 15252 | Lair:2   | Found a runed translucent gate.
 15252 | Lair:2   | Found a runed translucent gate.
 15252 | Lair:2   | Found a runed translucent gate.
 15254 | Lair:2   | Noticed Jano's ghost (journeyman DjEE)
 15254 | Lair:2   | Noticed Ic0nGaming's ghost (journeyman KoFi)
 15254 | Lair:2   | Noticed confidenceinterval's ghost (journeyman DsWr)
 15255 | Lair:2   | Noticed MacCMillion's ghost (journeyman DgHu)
 15257 | Lair:2   | Identified the +2 robe "Magrananu" {+Blink Str+2 Dex+3
                  | Slay+3}
 15289 | Lair:2   | Reached skill level 1 in Evocations
 16773 | Lair:3   | Learned a level 5 spell: Borgnjor's Vile Clutch
 17130 | Lair:4   | Reached skill level 14 in Necromancy
 17248 | Lair:4   | Reached skill level 1 in Earth Magic
 17685 | Lair:5   | Entered Level 5 of the Lair of Beasts
 17834 | Lair:5   | Reached XP level 14. HP: 58/103 MP: 15/23
 18011 | Lair:5   | Reached skill level 5 in Hexes
 18520 | Lair:5   | Noticed Sonja
 18528 | Lair:5   | Killed Sonja
 18541 | Lair:5   | Reached skill level 10 in Maces & Flails
 18712 | Lair:5   | Found a staircase to the Slime Pits.
 18712 | Lair:5   | Found a viscous altar of Jiyva.
 19300 | Lair:5   | Identified the +10 mace "Jiuweirri" {heavy, Will+ Str+4
                  | Int-5 SInv}
 19644 | D:12     | Found a transporter.
 19713 | D:12     | Found a one-way gate to the infinite horrors of the Abyss.
 19713 | D:12     | Noticed Elijaptocku's ghost (journeyman KoEn)
 19716 | D:12     | Found a transporter.
 20271 | D:12     | Upgraded the game from 0.30-a0-1074-g5db6f66fbb to
                  | 0.30-a0-1082-g70414cbcbb
 21157 | D:14     | Found Assaschiwea's Weapon Shop.
 21159 | D:14     | Found Iveistra's Antique Weapon Shop.
 21159 | D:14     | Found Esibb's Assorted Antiques.
 21161 | D:14     | Found Kacianas's Assorted Antiques.
 21168 | D:14     | Bought a scroll of blinking for 150 gold pieces
 21362 | D:14     | Learned a level 6 spell: Death Channel
 21373 | D:14     | Found a runed translucent door.
 21388 | D:14     | Reached XP level 15. HP: 110/110 MP: 18/24
 21511 | D:14     | Found a runed translucent door.
 21684 | D:14     | Reached skill level 15 in Necromancy
 22033 | D:14     | Found a gate to the Vaults.
 22215 | D:15     | Entered Level 15 of the Dungeon
 22243 | D:14     | HP: 3/112 [acid (12)]
 22245 | D:14     | Splashed by a brown ugly thing's acid

Illustrated notes

Levels and vault maps discovered:
D:1:      heliophobic_arrival_ceremonial_halls, layout_rooms, serial_rivers,
          chequers_serial_rivers_micro_b, chequers_serial_rivers_micro_c,
          chequers_serial_rivers_room_b, chequers_serial_rivers_room_a,
          chequers_serial_rivers_room_a
D:2:      layout_basic
D:3:      layout_loops_ring, grunt_dithmenos_smoke,
          hellmonk_ecumenical_altar_pennies_from_heaven,
          kennysheep_jessica_study
D:4:      layout_cave_pools, trog_ov_bears_minmay
D:5:      layout_loops_corners, tgw_kikubaaqudgha
D:6:      layout_basic, minmay_temple_entry_glassed_door,
          minmay_misc_feat_enclosed, uniq_pikel, uniq_maggie
D:7:      layout_cave_pods, dreamdust_princess_corridor
D:8:      layout_basic, mainiacjoe_overflow_divided_tiny,
          chequers_temple_overflow_statue_of_worship, serial_bayou_lagoon_a,
          minmay_lindwurm_lava, uniq_maurice, uniq_psyche
D:9:      layout_loops_ring, mainiacjoe_overflow_boulevard, jmf_multi_god_temple
D:10:     minmay_s_stair_smasher, layout_cave_pools, kennysheep_mini_moat,
          zombieorc2_lemuel, minmay_crystal_room, kennysheep_generic_room_10
D:11:     layout_roguey, nicolae_trove_entry_path_of_doom
D:12:     layout_basic, gammafunk_ghost_abyssal_escape
D:13:     layout_basic
D:14:     cheibrodos_histonic, layout_irregular_city, grunt_vaults_entry_tiered,
          glass_columns_b, minmay_shop_grid_forest, minmay_starry_boxes
D:15:     grunt_enter_depths_hoard, layout_cave_pools,
          chequers_serial_rivers_marsh, uniq_nessos
Lair:1:   layout_concentric_octagons
Lair:2:   layout_hall_layers, minmay_shoals_entry_beasts,
          minmay_snake_entry_guardpost_small, gammafunk_ghost_cemetery,
          portal_ice_cave_entry_pillars_2, disabler_island
Lair:3:   layout_layer_cave
Lair:4:   layout_loops_ring, kilobyte_rumbling_trees
Lair:5:   hangedman_lair_tendril_chambers, layout_regular_city, slime_entry_1,
          lemuel_fruit_tree, uniq_sonja

Skill      XL: |  1  2  3  4  5  6  7  8  9 10 11 12 13 14 15 |
---------------+----------------------------------------------+-----
Maces & Flails | 1 2 3 4 5 7 8 9 10 | 10.6
Necromancy     | 5 6 8 9 10 11 12 13 14 15 | 15.1
Axes           | 2 4 5 6 |  6.1
Spellcasting   | 3 4 6 7 |  7.0
Stealth        | 2 3 5 |  5.0
Fighting       | 2 3 5 6 7 8 |  8.4
Armour         | 1 2 |  2.6
Dodging        | 2 3 |  3.1
Shields        | 2 4 6 7 8 9 |  9.2
Hexes          | 1 3 4 5 6 |  6.1
Evocations     | 2 3 |  3.6
Earth Magic    | 1 3 |  3.5

Action                     |  1- 3 |  4- 6 |  7- 9 | 10-12 | 13-15 || total
---------------------------+-------+-------+-------+-------+-------++-------
  Melee: Unarmed           |     5 |       |       |       |       ||     5
         Whip              |    17 |       |       |       |       ||    17
         Punch             |     2 |     1 |     1 |       |       ||     4
         Dagger            |    24 |     4 |       |       |       ||    28
         Hand axe          |       |    37 |   140 |   150 |       ||   327
         Eveningstar       |       |       |    16 |   544 |   562 ||  1122
   Cast: Necrotise         |    63 |    48 |     8 |       |       ||   119
         Vampiric Draining |       |     2 |    35 |   153 |    35 ||   225
         Animate Dead      |       |     2 |     5 |    11 |    15 ||    33
         Dispel Undead     |       |       |       |     1 |       ||     1
         Anguish           |       |       |       |       |    53 ||    53
         Death Channel     |       |       |       |       |     4 ||     4
 Invoke: Unearth Wretches  |       |       |     1 |       |     1 ||     2
         Brand Weapon With |       |       |       |     1 |       ||     1
  Evoke: Wand              |       |       |       |     1 |       ||     1
    Use: Scroll            |     2 |     3 |     6 |    13 |     6 ||    30
   Stab: Sleeping          |     5 |       |     3 |     6 |     7 ||    21
         Distracted        |       |     1 |       |    11 |     5 ||    17
         Paralysed         |       |       |     2 |       |     2 ||     4
 Armour: Robe              |    17 |    32 |    70 |    21 |       ||   140
         Troll leather arm |       |       |       |   474 |   337 ||   811
  Dodge: Dodged            |    43 |    48 |   106 |   609 |   318 ||  1124
  Block: Buckler           |       |       |       |   335 |   308 ||   643

Table legend: (Time is in decaauts)
 A = Elapsed time spent in this place.
 B = Non-inter-level travel time spent in this place.
 C = Inter-level travel time spent in this place.
 D = Time resting spent in this place.
 E = Time spent auto-exploring this place.
 F = Levels seen in this place.
 G = Mean time per level.
                   A        B        C        D        E       F      G
               +--------+--------+--------+--------+--------+-----+--------+
         Total |  24916 |  24135 |    781 |   1065 |  18188 |  21 | 1186.5 |
       Dungeon |  16609 |  16128 |    481 |    710 |  12484 |  15 | 1107.3 |
          Lair |   6713 |   6414 |    299 |     39 |   5068 |   5 | 1342.6 |
      Ice Cave |   1593 |   1593 |      0 |    316 |    635 |   1 | 1593.0 |
               +--------+--------+--------+--------+--------+-----+--------+

Top non-repeatable levels by time:
  Lair:5: 1886 daAuts
   IceCv: 1593 daAuts
     D:6: 1539 daAuts
    D:10: 1536 daAuts
     D:8: 1482 daAuts
     D:3: 1422 daAuts
  Lair:3: 1409 daAuts
  Lair:2: 1405 daAuts
    D:11: 1364 daAuts
     D:7: 1258 daAuts
    D:14: 1255 daAuts
     D:5: 1222 daAuts
  Lair:4: 1129 daAuts
    D:13: 1035 daAuts
     D:1: 1013 daAuts
